BSA
POCATELLO BOCCABELLAS @ SEATTLE PIKES
09/21/2024
 
TOP OF THE 1ST
Pocatello Boccabellas batting - Pitching for Seattle Pikes : RHP Jesús Suárez
Pitching: RHP Jesús Suárez
Batting: RHB José Delgado 0-0: Called Strike
0-1: Called Strike
0-2: Fly out, F7 (Flyball, 78M)
Batting: RHB Marlon Phipps 0-0: Called Strike
0-1: Ball
1-1: Swinging Strike
1-2: Ball
2-2: Ball
3-2: Ground out 6-3 (Groundball, 4MS)
Batting: LHB Juan Cortés 0-0: Called Strike
0-1: Called Strike
0-2: Foul Ball, location: 2F
0-2: Ball
1-2: Ground out 4-3 (Groundball, 34)
Top of the 1st over - 0 run(s), 0 hit(s), 0 error(s), 0 left on base; Pocatello 0 - Seattle 0
BOTTOM OF THE 1ST
Seattle Pikes batting - Pitching for Pocatello Boccabellas : LHP Rod Adams
Pitching: LHP Rod Adams
Batting: RHB Randy Sheppard 0-0: Ball
1-0: Called Strike
1-1: Fly out, F7 (Flyball, 7M)
Batting: RHB Rafael Rincón 0-0: Foul Ball, location: 2F
0-1: Foul Ball, location: 2F
0-2: Foul Ball, location: 2F
0-2: Strikes out swinging
Batting: RHB António Ortega 0-0: Swinging Strike
0-1: Called Strike
0-2: Foul Ball, location: 2F
0-2: Fly out, F8 (Line Drive, 8LS)
Bottom of the 1st over - 0 run(s), 0 hit(s), 0 error(s), 0 left on base; Pocatello 0 - Seattle 0
TOP OF THE 2ND
Pocatello Boccabellas batting - Pitching for Seattle Pikes : RHP Jesús Suárez
Batting: RHB Francisco Sandoval 0-0: Ground out 5-3 (Groundball, 56)
Batting: RHB Sugita Ito 0-0: Fly out, F6 (Line Drive, 6)
Batting: LHB David Monahan 0-0: Ball
1-0: Swinging Strike
1-1: Ball
2-1: Called Strike
2-2: Strikes out swinging
Top of the 2nd over - 0 run(s), 0 hit(s), 0 error(s), 0 left on base; Pocatello 0 - Seattle 0
BOTTOM OF THE 2ND
Seattle Pikes batting - Pitching for Pocatello Boccabellas : LHP Rod Adams
Batting: RHB Manuel Rico 0-0: Ball
1-0: Reached on error, E5 (Groundball, 56S)
Batting: RHB Tae-kwon Kwon 0-0: Ball
1-0: Ball
2-0: Called Strike
2-1: Swinging Strike
2-2: Ball
3-2: Ground out 1-3 (Groundball, 34S)
Manuel Rico to third
Batting: RHB Lorenzo Ayala 0-0: Called Strike
0-1: Ball
1-1: Foul Ball, location: 2F
1-2: Foul Ball, location: 2F
1-2: Fly out, F8 (Flyball, 8LD)
Runner from 3rd tags up, SCORES, no throw
Batting: LHB Robinson Fernández 0-0: Foul Ball, location: 2F
0-1: Ball
1-1: Ground out 3-1 (Groundball, 34)
Bottom of the 2nd over - 1 run(s), 0 hit(s), 1 error(s), 0 left on base; Pocatello 0 - Seattle 1
TOP OF THE 3RD
Pocatello Boccabellas batting - Pitching for Seattle Pikes : RHP Jesús Suárez
Batting: RHB Keith Kirkpatrick 0-0: Fly out, F8 (Flyball, 89D)
Batting: RHB Pete Harvey 0-0: Swinging Strike
0-1: Ball
1-1: Ball
2-1: Foul Ball, location: 2F
2-2: Ground out 5-3 (Groundball, 5)
Batting: SHB Guillermo Ortíz 0-0: Ball
1-0: Ball
2-0: Called Strike
2-1: Foul Ball, location: 2F
2-2: Fly out, F8 (Line Drive, 8LM)
Top of the 3rd over - 0 run(s), 0 hit(s), 0 error(s), 0 left on base; Pocatello 0 - Seattle 1
BOTTOM OF THE 3RD
Seattle Pikes batting - Pitching for Pocatello Boccabellas : LHP Rod Adams
Batting: RHB Arthur Dumais 0-0: Called Strike
0-1: Foul Ball, location: 2F
0-2: Foul Ball, location: 2F
0-2: Ball
1-2: Ball
2-2: Ball
3-2: Foul Ball, location: 2F
3-2: SINGLE (Line Drive, 6D)
Batting: RHB Naomi Kitamura 0-0: Ball
1-0: Called Strike
1-1: Foul Ball, location: 2F
1-2: Foul Ball, location: 2F
1-2: Ball
2-2: Strikes out looking
Batting: RHB Randy Sheppard 0-0: Ball
1-0: Called Strike
1-1: Ball
2-1: Ball
3-1: Called Strike
3-2: Strikes out swinging
Arthur Dumais is caught stealing 2nd base
Batter strikes out.
Bottom of the 3rd over - 0 run(s), 1 hit(s), 0 error(s), 0 left on base; Pocatello 0 - Seattle 1
TOP OF THE 4TH
Pocatello Boccabellas batting - Pitching for Seattle Pikes : RHP Jesús Suárez
Batting: RHB José Delgado 0-0: Ball
1-0: Ball
2-0: Ball
3-0: Called Strike
3-1: Base on Balls
Batting: RHB Marlon Phipps 0-0: Foul Ball, location: 2F
0-1: Ball
1-1: Ball
2-1: 2-RUN HOME RUN (Flyball, 89XD), Distance : 445 ft
Batting: LHB Juan Cortés 0-0: Ball
1-0: Called Strike
1-1: Ball
2-1: Ball
3-1: Ground out 1-3 (Groundball, 25)
Batting: RHB Francisco Sandoval 0-0: DOUBLE (Line Drive, 89M)
Batting: RHB Sugita Ito 0-0: Ground out 5-3 (Groundball, 5L)
Batting: LHB David Monahan 0-0: Fly out, F8 (Flyball, 8LD)
Top of the 4th over - 2 run(s), 2 hit(s), 0 error(s), 1 left on base; Pocatello 2 - Seattle 1
BOTTOM OF THE 4TH
Seattle Pikes batting - Pitching for Pocatello Boccabellas : LHP Rod Adams
Batting: RHB Rafael Rincón 0-0: Called Strike
0-1: Foul Ball, location: 2F
0-2: Ball
1-2: Strikes out looking
Batting: RHB António Ortega 0-0: Foul Ball, location: 2F
0-1: Ball
1-1: Ball
2-1: Swinging Strike
2-2: Strikes out looking
Batting: RHB Manuel Rico 0-0: Called Strike
0-1: Ball
1-1: SINGLE (Line Drive, 6M)
Batting: RHB Tae-kwon Kwon 0-0: Ground out 4-3 (Groundball, 4)
Bottom of the 4th over - 0 run(s), 1 hit(s), 0 error(s), 1 left on base; Pocatello 2 - Seattle 1
TOP OF THE 5TH
Pocatello Boccabellas batting - Pitching for Seattle Pikes : RHP Jesús Suárez
Batting: RHB Keith Kirkpatrick 0-0: Swinging Strike
0-1: Fly out, F8 (Flyball, 8LD)
Batting: RHB Pete Harvey 0-0: Ball
1-0: Called Strike
1-1: Called Strike
1-2: Fly out, F2 (Popup, 2LF)
Batting: SHB Guillermo Ortíz 0-0: Ball
1-0: Foul Ball, location: 2F
1-1: Ball
2-1: Called Strike
2-2: Ball
3-2: Foul Ball, location: 2F
3-2: Foul Ball, location: 2F
3-2: Foul Ball, location: 2F
3-2: Base on Balls
Batting: RHB José Delgado 0-0: Called Strike
0-1: Ground out 4-3 (Groundball, 4)
Top of the 5th over - 0 run(s), 0 hit(s), 0 error(s), 1 left on base; Pocatello 2 - Seattle 1
BOTTOM OF THE 5TH
Seattle Pikes batting - Pitching for Pocatello Boccabellas : LHP Rod Adams
Batting: RHB Lorenzo Ayala 0-0: Called Strike
0-1: Ball
1-1: Swinging Strike
1-2: Ball
2-2: Foul Ball, location: 2F
2-2: Ball
3-2: Strikes out swinging
Batting: LHB Robinson Fernández 0-0: Called Strike
0-1: Ball
1-1: Ball
2-1: Ball
3-1: Base on Balls
Batting: RHB Arthur Dumais 0-0: Ball
1-0: Ball
2-0: Foul Ball, location: 2F
2-1: Ball
3-1: Reached on Error, E8 (Line Drive, 8LS)
Robinson Fernández to third
Batting: RHB Naomi Kitamura 0-0: Ball
1-0: Ball
2-0: Called Strike
2-1: Called Strike
2-2: Strikes out looking
Batting: RHB Randy Sheppard 0-0: Ball
1-0: Ball
2-0: Ground out 6-3 (Groundball, 6MD)
Bottom of the 5th over - 0 run(s), 0 hit(s), 1 error(s), 2 left on base; Pocatello 2 - Seattle 1
TOP OF THE 6TH
Pocatello Boccabellas batting - Pitching for Seattle Pikes : RHP Jesús Suárez
Batting: RHB Marlon Phipps 0-0: Swinging Strike
0-1: Foul Ball, location: 2F
0-2: Ball
1-2: Foul Ball, location: 2F
1-2: Foul Ball, location: 2F
1-2: SOLO HOME RUN (Flyball, 78XD), Distance : 443 ft
Batting: LHB Juan Cortés 0-0: Ball
1-0: Fly out, F7 (Flyball, 7M)
Batting: RHB Francisco Sandoval 0-0: Swinging Strike
0-1: Swinging Strike
0-2: Foul Ball, location: 2F
0-2: SINGLE (Line Drive, 4)
Batting: RHB Sugita Ito 0-0: Called Strike
0-1: Fielders Choice at 2nd, 6-4 (Groundball, 6M)
Batting: LHB David Monahan 0-0: Ball
1-0: Called Strike
1-1: Ground out 4-3 (Groundball, 4)
Top of the 6th over - 1 run(s), 2 hit(s), 0 error(s), 1 left on base; Pocatello 3 - Seattle 1
BOTTOM OF THE 6TH
Seattle Pikes batting - Pitching for Pocatello Boccabellas : LHP Rod Adams
Batting: RHB Rafael Rincón 0-0: SINGLE (Line Drive, 6MD)
Batting: RHB António Ortega 0-0: Ball
1-0: Swinging Strike
1-1: 2-RUN HOME RUN (Flyball, 78XD), Distance : 452 ft
Batting: RHB Manuel Rico 0-0: Ball
1-0: Foul Ball, location: 2F
1-1: Foul Ball, location: 2F
1-2: Strikes out swinging
Batting: RHB Tae-kwon Kwon 0-0: Called Strike
0-1: Swinging Strike
0-2: Ball
1-2: Ball
2-2: Ball
3-2: Foul Ball, location: 2F
3-2: Foul Ball, location: 2F
3-2: SINGLE (Groundball, 6M)
Pitching: RHP Jaime Espinoza
Batting: RHB Lorenzo Ayala 0-0: Swinging Strike
0-1: Ball
1-1: Foul Ball, location: 2F
1-2: Ball
2-2: Foul Ball, location: 2F
2-2: Fielders Choice at 2nd, 2-6 (Groundball, 2L)
Batting: LHB Robinson Fernández 0-0: Ball
1-0: Fly out, F8 (Flyball, 8LD)
Bottom of the 6th over - 2 run(s), 3 hit(s), 0 error(s), 1 left on base; Pocatello 3 - Seattle 3
TOP OF THE 7TH
Pocatello Boccabellas batting - Pitching for Seattle Pikes : RHP Jesús Suárez
Pitching: RHP Jim Nelson
Batting: RHB Keith Kirkpatrick 0-0: Foul Ball, location: 2F
0-1: Foul Ball, location: 2F
0-2: Strikes out swinging
Batting: RHB Pete Harvey 0-0: Ball
1-0: Swinging Strike
1-1: Foul Ball, location: 2F
1-2: Ball
2-2: Strikes out looking
Batting: SHB Guillermo Ortíz 0-0: Called Strike
0-1: Ball
1-1: Ball
2-1: Ball
3-1: Swinging Strike
3-2: Strikes out swinging
Top of the 7th over - 0 run(s), 0 hit(s), 0 error(s), 0 left on base; Pocatello 3 - Seattle 3
BOTTOM OF THE 7TH
Seattle Pikes batting - Pitching for Pocatello Boccabellas : RHP Jaime Espinoza
Batting: RHB Arthur Dumais 0-0: SINGLE (Line Drive, 89S)
Batting: RHB Naomi Kitamura 0-0: Sac Bunt - play at first, batter OUT! 1-4
Arthur Dumais to second
Pinch Hitting: RHB Dave Morgan 0-0: Ground out 6-3 (Groundball, 56)
Pinch Hitting: LHB Luka Lagerweij 0-0: Called Strike
0-1: Ball
1-1: Ball
2-1: Foul Ball, location: 2F
2-2: Ball
3-2: Strikes out swinging
Bottom of the 7th over - 0 run(s), 1 hit(s), 0 error(s), 1 left on base; Pocatello 3 - Seattle 3
TOP OF THE 8TH
Pocatello Boccabellas batting - Pitching for Seattle Pikes : RHP Jim Nelson
Now at 3B: Orlando González
Now in LF: Dave Morgan
Batting: RHB José Delgado 0-0: Called Strike
0-1: Ball
1-1: Ball
2-1: Swinging Strike
2-2: Ground out 5-3 (Groundball, 5S)
Batting: RHB Marlon Phipps 0-0: Ball
1-0: Foul Ball, location: 2F
1-1: Ball
2-1: Called Strike
2-2: Ball
3-2: Strikes out swinging
Batting: LHB Juan Cortés 0-0: Ball
1-0: DOUBLE (Line Drive, 7LM)
Batting: RHB Francisco Sandoval 0-0: SINGLE (Groundball, 6D)
Juan Cortés to third
Runner from 3rd tries for Home, SAFE, no throw or cutoff
Batting: RHB Sugita Ito 0-0: Ball
1-0: Ball
2-0: Called Strike
2-1: Ball
3-1: Base on Balls
Francisco Sandoval to second
Batting: LHB David Monahan 0-0: Ground out 3-1 (Groundball, 34)
Top of the 8th over - 1 run(s), 2 hit(s), 0 error(s), 2 left on base; Pocatello 4 - Seattle 3
BOTTOM OF THE 8TH
Seattle Pikes batting - Pitching for Pocatello Boccabellas : RHP Jaime Espinoza
Batting: RHB António Ortega 0-0: Ball
1-0: Called Strike
1-1: Ball
2-1: Ground out 2-3 (Groundball, 23)
Pitching: RHP Bill Lowe
Batting: RHB Manuel Rico 0-0: Foul Ball, location: 2F
0-1: Ball
1-1: Foul Ball, location: 2F
1-2: Strikes out looking
Batting: RHB Tae-kwon Kwon 0-0: Ball
1-0: SINGLE (Groundball, 5D)
Pinch Hitting: LHB Chad Weaver 0-0: Foul Ball, location: 2F
0-1: Fly out, F5 (Popup, 5F)
Bottom of the 8th over - 0 run(s), 1 hit(s), 0 error(s), 1 left on base; Pocatello 4 - Seattle 3
TOP OF THE 9TH
Pocatello Boccabellas batting - Pitching for Seattle Pikes : RHP Jim Nelson
Pitching: LHP Cristián Escobar
Now in LF: Chad Weaver
Batting: RHB Keith Kirkpatrick 0-0: Ball
1-0: Called Strike
1-1: Ball
2-1: Foul Ball, location: 2F
2-2: Strikes out looking
Batting: RHB Pete Harvey 0-0: Ball
1-0: Called Strike
1-1: Foul Ball, location: 2F
1-2: Foul Ball, location: 2F
1-2: SINGLE (Groundball, 6MD)
Batting: SHB Guillermo Ortíz 0-0: Ball
1-0: Called Strike
1-1: Foul Ball, location: 2F
1-2: Ball
2-2: Strikes out looking
Batting: RHB José Delgado 0-0: Ball
1-0: Ball
2-0: Ground out 5-3 (Groundball, 56S)
Top of the 9th over - 0 run(s), 1 hit(s), 0 error(s), 1 left on base; Pocatello 4 - Seattle 3
BOTTOM OF THE 9TH
Seattle Pikes batting - Pitching for Pocatello Boccabellas : RHP Bill Lowe
Pitching: RHP Adrián Martínez
Batting: LHB Robinson Fernández 0-0: Swinging Strike
0-1: Foul Ball, location: 2F
0-2: Foul Ball, location: 2F
0-2: Ground out 5-3 (Groundball, 5S)
Batting: RHB Arthur Dumais 0-0: Swinging Strike
0-1: Ball
1-1: Called Strike
1-2: Ball
2-2: Foul Ball, location: 2F
2-2: Ball
3-2: Foul Ball, location: 2F
3-2: Strikes out swinging
Batting: RHB Naomi Kitamura 0-0: Ground out 6-3 (Groundball, 6)
Bottom of the 9th over - 0 run(s), 0 hit(s), 0 error(s), 0 left on base; Pocatello 4 - Seattle 3
This league is powered by Out of the Park Baseball, the baseball management simulation game for PC, Mac and Linux
Saturday, April 9th, 2016 - OOTP Baseball 16.8 Build 38